 Dungeon Crawl Stone Soup version 0.26-b1-32-g5d43845318 (webtiles) character file.

Game seed: 17020619542645850668

132 qborf the Ducker (level 4, -1/27 HPs)
             Began as a Deep Elf Artificer on Jan 10, 2021.
             Slain by a worm (7 damage)
             ... on level 3 of the Dungeon.
             The game lasted 00:09:10 (4659 turns).

qborf the Ducker (Deep Elf Artificer)               Turns: 4659, Time: 00:09:10

Health: -1/27      AC:  5    Str:  9    XL:     4   Next: 92%
Magic:  15/15      EV: 12    Int: 17    God:
Gold:   137        SH:  0    Dex: 15    Spells: 3/3 levels left

rFire    . . .     SeeInvis .   m - +0 whip
rCold    . . .     Faith    .   (no shield)
rNeg     . . .     Spirit   .   r - +0 ring mail (curse)
rPois    .         Reflect  .   (no helmet)
rElec    .         Harm     .   (no cloak)
rCorr    .         Rampage  .   (no gloves)
Will     .....                  (no boots)
Stlth    +.........             (no amulet)
HPRegen  0.09/turn              o - ring of magical power
MPRegen  0.14/turn              s - ring of flight

@: no status effects
A: no striking features
a: Evoke Flight


You were on level 3 of the Dungeon.
You visited 1 branch of the dungeon, and saw 3 of its levels.

You collected 137 gold pieces.

Inventory:

Hand Weapons
 h - a +0 dagger
 m - a +0 whip (weapon)
 q - a +0 hand axe
Missiles
 a - 128 stones
 j - 40 arrows
 w - 12 poisoned darts (quivered)
Armour
 b - a +0 leather armour
 r - a cursed +0 ring mail (worn)
Jewellery
 o - a ring of magical power (left hand)
 s - a ring of flight (right hand)
Wands
 c - a wand of flame (4)
 d - a wand of enslavement (11)
 e - a wand of random effects (12)
Scrolls
 f - 2 scrolls of identify {unknown}
 i - a scroll of teleportation {unknown}
 l - 2 scrolls of immolation {unknown}
 x - a scroll of fear {unknown}
Potions
 g - 2 potions of curing {unknown}
 k - a potion of haste
 n - a potion of heal wounds {unknown}
 p - 2 potions of invisibility {unknown}
 t - a potion of brilliance {unknown}
 u - 2 potions of resistance {unknown}
 v - a potion of degeneration {unknown}


   Skills:
 + Level 2.6 Fighting
 * Level 0.9 Throwing
 - Level 0.7 Armour
 + Level 4.5 Dodging
 - Level 1.2 Stealth
 - Level 3.2 Evocations


You had 3 spell levels left.
You didn't know any spells.
Your spell library was empty.

Dungeon Overview and Level Annotations

Branches:
Dungeon (3/15)

Altars:
Yredelemnul
Zin

Annotations:
D:2 1 runed translucent door, Crazy Yiuf


Message History

You throw a poisoned dart. The poisoned dart hits the worm.
The worm is moderately wounded.
You hit the worm.
The worm is heavily wounded.
You hit the worm but do no damage.
The worm is heavily wounded.
The worm bites you but does no damage.
You hit the worm.
The worm is heavily wounded.
The worm barely misses you.
You hit the worm.
The worm is severely wounded.
You barely miss the worm.
The worm is almost dead.
The worm bites you!
* * * LOW HITPOINT WARNING * * *
You hit the worm.
The worm is almost dead.
The worm looks more healthy.
The worm bites you!
You die...

## ### #. ...) ###.
..... #...
......####### #.#.
..(...(((.w.# ### #.#.
.....######.#
###<####.#. ...
#(######### #........+.
. #.(..w@.^.#
#.......##.
#########.###.......###
......................
########.###...#######
........#####.#######
.....................
##########.######....
#..# #.... ##.# #####


You could see a worm.

Vanquished Creatures
  Jessica (D:2)
  Ijyb (D:3)
  An adder (D:2)
  An ooze (D:2)
  5 worms (D:2)
  2 dart slugs
  A leopard gecko (D:2)
  2 bats
  2 giant cockroaches
  4 goblins
  5 hobgoblins
  3 jackals
  9 kobolds
  8 frilled lizards
  8 rats
53 creatures vanquished.

Vanquished Creatures (collateral kills)
  A rat (D:2)
1 creature vanquished.

Vanquished Creatures (others)
  An adder (D:2)
  A worm (D:2)
  A goblin (D:1)
3 creatures vanquished.

Grand Total: 57 creatures vanquished

Notes
Turn   | Place    | Note
-------+----------+-------------------------------------------
     0 | D:1      | qborf the Deep Elf Artificer began the quest for the Orb.
     0 | D:1      | Reached XP level 1. HP: 11/11 MP: 3/3
    91 | D:1      | Reached skill level 1 in Fighting
   727 | D:1      | Reached XP level 2. HP: 16/16 MP: 4/4
   780 | D:1      | Reached skill level 3 in Dodging
  1703 | D:2      | Reached XP level 3. HP: 12/21 MP: 5/5
  2023 | D:2      | Noticed Jessica
  2032 | D:2      | Killed Jessica
  2033 | D:2      | Reached skill level 4 in Dodging
  2315 | D:2      | Found a basalt altar of Yredelemnul.
  2507 | D:2      | Reached XP level 4. HP: 24/26 MP: 6/6
  3552 | D:2      | Found a runed translucent door.
  3553 | D:2      | Noticed Crazy Yiuf
  4337 | D:3      | Noticed Ijyb
  4376 | D:3      | Killed Ijyb
  4547 | D:3      | Found a glowing silver altar of Zin.
  4659 | D:3      | Slain by a worm

Illustrated notes

Levels and vault maps discovered:
D:1:      tarquinn_simple_flora_water_d, layout_loops_ring, minmay_hexomino_u4
D:2:      layout_basic, nicolae_overflow_crystal_walls, uniq_jessica,
          uniq_crazy_yiuf_cottage
D:3:      layout_basic, nicolae_overflow_hidden_temple, uniq_ijyb

Skill      XL: |  1  2  3 |
---------------+----------+-----
Fighting       | 1 2 |  2.6
Dodging        | 3 4 |  4.5
Throwing       | |  0.9
Armour         | |  0.7
Stealth        | |  1.2
Evocations     | |  3.2

Action                   |  1- 3 |  4- 6 || total
-------------------------+-------+-------++-------
Melee: Club              |    28 |       ||    28
       Dagger            |    39 |       ||    39
       Whip              |    69 |   153 ||   222
Throw: Stone             |    44 |    55 ||    99
       Dart              |       |    14 ||    14
Evoke: Wand              |    11 |     7 ||    18
 Stab: Sleeping          |       |     1 ||     1
Armor: Leather armour    |    42 |     1 ||    43
       Ring mail         |       |    41 ||    41
Dodge: Dodged            |    87 |    86 ||   173
